 Dungeon Crawl Stone Soup version 0.30.1-11-g7821555f0a (webtiles) character file.

Game seed: 10832959128346090416

39 2FriedEggs the Magician (level 3, 0/21 HPs)
             Began as an Octopode Earth Elementalist on Nov 13, 2023.
             Slain by Ijyb
             ... wielding a +7 club
              (4 damage)
             ... on level 3 of the Dungeon.
             The game lasted 00:02:27 (1635 turns).

2FriedEggs the Magician (OpEE)                      Turns: 1635, Time: 00:02:28

Health: 0/21       AC:  1    Str:  7    XL:     3   Next: 45%
Magic:  5/8        EV: 13    Int: 19    God:
Gold:   59         SH:  0    Dex: 18    Spells: 8/9 levels left

rFire   . . .        e - +0 short sword
rCold   . . .        (no shield)
rNeg    . . .        (helmet restricted)
rPois   .            (no amulet)
rElec   .            c - +6 ring of dexterity
rCorr   .            (no ring)
SInv    .            (no ring)
Will    .....        (no ring)
Stlth   +++          (no ring)
HPRegen 0.23/turn    (no ring)
MPRegen 0.11/turn    (no ring)
                     (no ring)

%: no passive effects
@: no status effects
A: almost no armour, amphibious, 8 rings, camouflage 1, gelatinous body 1,
(nimble swimmer 1), tentacles
a: no special abilities


You were on level 3 of the Dungeon.
You visited 1 branch of the dungeon, and saw 3 of its levels.

You collected 59 gold pieces.

Inventory:

Hand Weapons
 e - a +0 short sword (weapon)
Jewellery
 c - a +6 ring of dexterity (left tentacle)
 f - a ring of fire
 j - a ring of ice
Wands
 i - a wand of flame (26)
Scrolls
 d - 4 scrolls of identify {unknown}
 h - a scroll of enchant armour {unknown}
 k - 2 scrolls of enchant weapon {unknown}
 l - 2 scrolls of fog {unknown}
Potions
 a - a potion of magic


   Skills:
 - Level 2.0 Dodging
 - Level 2.6 Stealth
 + Level 3.5 Spellcasting
 - Level 1.0 Transmutations
 - Level 3.0 Earth Magic


You had 8 spell levels left.
You knew the following spells:

 Your Spells              Type           Power      Damage    Failure   Level
a - Sandblast             Erth           28%        2d8       4%          1

Your spell library contained the following spells:

 Spells                   Type           Power      Damage    Failure   Level
 Passwall                 Tmut/Erth      8%         N/A       10%         2
 Stone Arrow              Conj/Erth      18%        3d8       24%         3
 Petrify                  Tmut/Erth      10%        N/A       54%         4


Dungeon Overview and Level Annotations

Branches:
Dungeon (3/15)

Altars:

Annotations:
D:2 Sigmund
D:3 Grinder, Ijyb


Innate Abilities, Weirdness & Mutations

You cannot wear most types of armour.
You are amphibious.
You can wear up to eight rings at the same time.
Your skin changes colour to match your surroundings (Stealth+).
Your rubbery body absorbs attacks. (AC +1, EV +1)
((You are camouflaged when in or above water. (Stealth+)))
You have tentacles for arms and can constrict up to eight enemies at once.


Message History

Aim: Ijyb, wielding a +7 club, wearing a +0 leather armour and carrying a wand of paralysis (5) (asleep, 100% to hit)
The blast of sand hits Ijyb.
Ijyb is lightly wounded.
Ijyb shouts!
You hear a shout!
Grinder comes into view.
Ijyb zaps a wand.
You suddenly lose the ability to move!
Grinder gestures at you. Pain shoots through your body!
Ouch! That really hurt!
You can move again.
Unknown command.
Ijyb attacks as you move away! Ijyb hits you with a +7 club.
* * * LOW HITPOINT WARNING * * *
Unknown command.
Casting: Sandblast (safe; 4% risk of failure)
Confirm with . or Enter, or press ? or * to list all spells.
Aiming: Sandblast (safe; 4% risk of failure)
Press: ? - help, Shift-Dir - straight line, f/p - Ijyb
Aim: Ijyb, wielding a +7 club, wearing a +0 leather armour and carrying a wand of paralysis (4) (77% to hit)
The blast of sand hits Ijyb but does no damage.
Ijyb barely misses you. Ijyb closely misses you.
Grinder says, "FISH!"
Casting: Sandblast (safe; 4% risk of failure)
Confirm with . or Enter, or press ? or * to list all spells.
Aiming: Sandblast (safe; 4% risk of failure)
Press: ? - help, Shift-Dir - straight line, f/p - Ijyb
Aim: Ijyb, wielding a +7 club, wearing a +0 leather armour and carrying a wand of paralysis (4) (77% to hit)
The blast of sand hits Ijyb!
Ijyb is moderately wounded.
Ijyb closely misses you.
Grinder blinks!
Unknown command.
Casting: Sandblast (safe; 4% risk of failure)
Confirm with . or Enter, or press ? or * to list all spells.
Aiming: Sandblast (safe; 4% risk of failure)
Press: ? - help, Shift-Dir - straight line, f/p - Ijyb
Aim: Ijyb, wielding a +7 club, wearing a +0 leather armour and carrying a wand of paralysis (4) (moderately wounded, 77% to hit)
The blast of sand hits Ijyb but does no damage.
Ijyb is moderately wounded.
Ijyb closely misses you. Ijyb hits you with a +7 club.
You die...

#...##.#.#....#.# #
##########...##.#.#....#.# #
.............##.#.#.†..#.# #
.....................>.#.# #
##########........#.<....#######
#...##.#.#....#........
########...##.#..##..#.#######
............#.#......#..
###########.#@####...#...
...[###.#g#......#.###
#.......5#.##...#.. #..###.###
#.†.#.. # ............#.
#.#..........# #.......#....# .
.######....# .... #....#


You could see Grinder and Ijyb.

Vanquished Creatures
  An adder (D:2)
  4 ball pythons
  2 bats
  2 endoplasms (D:2)
  A goblin (D:1)
  2 hobgoblins (D:1)
  4 quokkas
  3 frilled lizards
  7 kobolds
  3 rats (D:1)
29 creatures vanquished.

Notes
Turn   | Place    | Note
-------+----------+-------------------------------------------
     0 | D:1      | 2FriedEggs the Octopode Earth Elementalist began the quest
                  | for the Orb.
     0 | D:1      | Reached XP level 1. HP: 11/11 MP: 3/3
   212 | D:1      | Reached XP level 2. HP: 16/17 MP: 3/5
  1088 | D:2      | Reached XP level 3. HP: 11/21 MP: 3/7
  1422 | D:2      | Noticed Sigmund
  1537 | D:3      | Noticed Ijyb
  1628 | D:3      | Noticed Grinder
  1629 | D:3      | Paralysed by Ijyb for 2 turns
  1635 | D:3      | Slain by Ijyb

Illustrated notes

Levels and vault maps discovered:
D:1:      beargit_arrival_diablo_church, layout_basic
D:2:      minmay_evil_eye, layout_loops_ring, uniq_sigmund
D:3:      layout_basic, uniq_ijyb, uniq_grinder

Skill      XL: |  1  2 |
---------------+-------+-----
Spellcasting   | 3 |  3.5
Dodging        | |  2.0
Stealth        | |  2.6
Transmutations | |  1.0
Earth Magic    | |  3.0

Action                     || total
---------------------------++-------
  Melee: Unarmed           ||    17
         Constrict         ||    11
         Tentacles         ||     7
         Punch             ||     1
         Short sword       ||    19
   Cast: Sandblast         ||    20
    Use: Potion            ||     2
         Scroll            ||     1
   Stab: Sleeping          ||     4
 Armour: Skin              ||     3
  Dodge: Dodged            ||    20
